 Dungeon Crawl Stone Soup version 0.28.0-43-g3370ac3207 (webtiles) character file.

Game seed: 15772714024961889793

4 terff the Sneak (level 1, 0/14 HPs)
             Began as an Octopode Brigand on Mar 20, 2022.
             Slain by a quokka (3 damage)
             ... on level 1 of the Dungeon.
             The game lasted 00:00:35 (114 turns).

terff the Sneak (Octopode Brigand)                   Turns: 114, Time: 00:00:36

Health: 0/14       AC:  1    Str: 10    XL:     1   Next: 60%
Magic:  1/1        EV: 12    Int: 13    God:
Gold:   0          SH:  0    Dex: 13    Spells: 0/0 levels left

rFire   . . .      SeeInvis .   a - +2 dagger
rCold   . . .      Faith    .   (no shield)
rNeg    . . .      Spirit   .   (helmet restricted)
rPois   .          Reflect  .   (no amulet)
rElec   .          Harm     .   (no ring)
rCorr   .          Rampage  .   (no ring)
Will    .....                   (no ring)
Stlth   ++++......              (no ring)
HPRegen 0.04/turn               (no ring)
MPRegen 0.07/turn               (no ring)
                                (no ring)
                                (no ring)

@: no status effects
A: almost no armour, amphibious, 8 rings, camouflage 1, gelatinous body 1,
(nimble swimmer 1), tentacles
a: no special abilities


You were on level 1 of the Dungeon.
You visited 1 branch of the dungeon, and saw 1 of its levels.

Inventory:

Hand Weapons
 a - a +2 dagger (weapon)
Missiles
 b - 8 poisoned darts (quivered)
 c - 2 curare-tipped darts


   Skills:
 + Level 2.0 Fighting
 + Level 2.0 Short Blades
 + Level 2.0 Throwing
 + Level 1.0 Dodging
 + Level 5.6 Stealth


You couldn't memorise any spells.
You didn't know any spells.
Your spell library was empty.

Dungeon Overview and Level Annotations

Branches:
Dungeon (1/15)

Altars:


Innate Abilities, Weirdness & Mutations

You cannot wear most types of armour.
You are amphibious.
You can wear up to eight rings at the same time.
Your skin changes colour to match your surroundings (Stealth+).
Your rubbery body absorbs attacks. (AC +1, EV +1)
((You are camouflaged when in or above water. (Stealth+)))
You have tentacles for arms and can constrict up to eight enemies at once.


Message History

A goblin comes into view. It is wielding a +0 dagger.
A rat comes into view.
Found 9 gold pieces.
The goblin shouts!
An endoplasm comes into view.
The goblin hits you with a +0 dagger.
A quokka comes into view.
You barely miss the goblin. You grab the goblin.
You squeeze the goblin, but do no damage.
You constrict the goblin. The goblin closely misses you.
You barely miss the goblin.
The goblin is moderately wounded.
You constrict the goblin. The goblin closely misses you.
You completely miss the goblin.
The goblin is severely wounded.
You constrict the goblin.
You kill the goblin!
The rat barely misses you.
Found a ring mail.
The endoplasm hits you. The rat completely misses you.
You see here a +0 dagger.
You hit the rat. Your grab misses the rat.
The rat is severely wounded.
The endoplasm hits you. The rat closely misses you.
You barely miss the rat. You grab the rat.
The rat is severely wounded.
You constrict the rat.
You kill the rat!
The quokka bites you but does no damage.
The endoplasm freezes you.
You are frozen.
You hit the endoplasm.
You squeeze the endoplasm, but do no damage.
The endoplasm is severely wounded.
The quokka bites you. The endoplasm freezes you.
You are frozen.
* * * LOW HITPOINT WARNING * * *
The quokka bites you but does no damage.
You barely miss the quokka. Your grab misses the quokka. The quokka bites you.
You die...

#########.# #####
#...†.....#
#.######### #.# #.#
#### ## ##.## #.. ...
######...### #.##.###.
..........>###†.......
.#####..>#.#@rJ..#
##.#....#.#......
#......#.# .#$.[
##.#......# # .
#..#....#.#
#.....#.#.#
####.###.#.#.# .
#........#†.##...#
#.####.###........


You could see an endoplasm and a quokka.

Vanquished Creatures
  A goblin (D:1)
  A hobgoblin (D:1)
  2 rats (D:1)
4 creatures vanquished.

Notes
Turn   | Place    | Note
-------+----------+-------------------------------------------
     0 | D:1      | terff the Octopode Brigand began the quest for the Orb.
     0 | D:1      | Reached XP level 1. HP: 14/14 MP: 1/1
   114 | D:1      | Slain by a quokka

Illustrated notes

Levels and vault maps discovered:
D:1:      mrwooster_arrival_statue_3, layout_loops_ring,
          nicolae_ecumenical_snake_handling, minmay_tetromino_i4

Action                   || total
-------------------------++-------
Melee: Dagger            ||     9
       Constrict         ||     3
       Tentacles         ||     3
 Stab: Sleeping          ||     1
Armor: Skin              ||     2
Dodge: Dodged            ||     5
